 Dungeon Crawl Stone Soup version 0.25-a0-482-g9b3b753f3f (webtiles) character file.

Game seed: 10759456168983666057, levelgen mode: deterministic

19 Notrik the Skirmisher (level 2, -1/27 HPs)
             Began as a Hill Orc Fighter on Feb 10, 2020.
             Succumbed to Sigmund's poison
             ... on level 2 of the Dungeon.
             The game lasted 00:01:10 (873 turns).

Notrik the Skirmisher (Hill Orc Fighter)             Turns: 873, Time: 00:01:10

Health: -1/27      AC:  6    Str: 18    XL:     2   Next: 75%
Magic:  2/2        EV:  7    Int:  8    God:
Gold:   32         SH:  9    Dex: 10    Spells: 1/1 levels left

rFire    . . .     SeeInvis .   f - +0 hand axe (vorpal)
rCold    . . .     Gourm    .   c - +0 shield
rNeg     . . .     Faith    .   b - +0 scale mail
rPois    .         Spirit   .   (no helmet)
rElec    .         Reflect  .   (no cloak)
rCorr    .         Harm     .   (no gloves)
MR       .....                  (no boots)
Stlth    ..........             (no amulet)
HPRegen  0.09/turn              (no ring)
MPRegen  0.08/turn              (no ring)

@: lethally poisoned (-1 -> -27)
A: no striking features
a: no special abilities


You were on level 2 of the Dungeon.
You were not hungry.

You visited 1 branch of the dungeon, and saw 2 of its levels.

You collected 32 gold pieces.

Inventory:

Hand Weapons
 a - a +0 war axe
 f - a +0 vorpal hand axe (weapon)
   (You found it on level 1 of the Dungeon)
Armour
 b - a +0 scale mail (worn)
 c - a +0 shield (worn)
Scrolls
 g - 2 scrolls of enchant armour {unknown}
 i - 2 scrolls of identify {unknown}
Potions
 d - a potion of might
 j - a potion of curing {unknown}
 k - a potion of mutation {unknown}
Comestibles
 e - 4 rations {!d}
 h - 2 chunks of flesh


   Skills:
 + Level 4.0 Fighting
 + Level 3.1 Axes
 + Level 3.5 Armour
 + Level 3.6 Shields


You had one spell level left.
You didn't know any spells.
Your spell library was empty.

Dungeon Overview and Level Annotations

Branches:
Dungeon (2/15)

Altars:

Annotations:
D:2 Sigmund


Message History

A rat is nearby!
You hit the rat.
You kill the rat!
Your Fighting skill increases to level 4!
You butcher the rat corpse.
h - 2 chunks of flesh (gained 1)
You see here a rat skeleton. x2
You see here a rat skeleton.
Found a ration.
e - 4 rations {!d} (gained 1) Sigmund the Dreaded comes into view.
He is wielding a +2 scythe of venom.
Sigmund shouts!
Found a ring mail.
Sigmund gestures at you while chanting.
You are confused.
Sigmund hits you from afar with a +2 scythe of venom.
You bump into the rock wall.
You're too confused to move!
Sigmund casts a spell at you.
You are more confused.
Sigmund hits you but does no damage.
You are poisoned.
You feel sick. Sigmund gestures at you while chanting. The magic dart hits you!
You're too confused to move!
You feel sick. Sigmund hits you but does no damage.
You are lethally poisoned!
You feel sick.
* * * LOW HITPOINT WARNING * * *
You feel sick. Sigmund barely misses you.
You bump into the rock wall.
* * * LOW HITPOINT WARNING * * *
You feel sick.
Sigmund hits you with a +2 scythe of venom!
* * * LOW HITPOINT WARNING * * *
You are more poisoned.
You feel less confused.
* * * LOW HITPOINT WARNING * * *
You feel sick.
* * * LOW HITPOINT WARNING * * *
You feel sick. You block Sigmund's attack.
Unknown command.
Unknown command.
Unknown command.
Unknown command.
Unknown command.
Unknown command.
Unknown command.
You die...

.....# ....# ....#
...#######
#........#
#........#
#........#
#.@.....[# ...
#..@.....# #..
##.####### ..# #.#
#.## #.# #..# #.#
#..###.#####
.######..#.......#
.................#


You could see Sigmund.

Vanquished Creatures
  2 leopard geckos (D:1)
  2 giant cockroaches (D:1)
  A goblin (D:1)
  6 hobgoblins (D:1)
  2 bats (D:1)
  2 rats
15 creatures vanquished.

Notes
Turn   | Place    | Note
-------+----------+-------------------------------------------
     0 | D:1      | Notrik the Hill Orc Fighter began the quest for the Orb.
     0 | D:1      | Reached XP level 1. HP: 19/19 MP: 1/1
   169 | D:1      | Reached XP level 2. HP: 22/27 MP: 2/2
   833 | D:2      | Reached skill level 4 in Fighting
   858 | D:2      | Noticed Sigmund
   872 | D:2      | HP: 1/27 [poisoned by Sigmund]
   873 | D:2      | Succumbed to Sigmund's poison

Levels and vault maps discovered:
D:1:      minmay_arrival_stone_box, layout_loops_ring
D:2:      layout_basic, first_ration, uniq_jessica, uniq_sigmund

Skill      XL: |  1  2 |
---------------+-------+-----
Axes           | 3 |  3.1
Fighting       | 4 |  4.0
Armour         | |  3.5
Shields        | |  3.6

Action                   || total
-------------------------++-------
Melee: War axe           ||    51
       Hand axe          ||     1
Armor: Scale mail        ||    24
Dodge: Dodged            ||    15
Block: Shield            ||    22

Table legend:
 A = Non-vault XP
 B = Vault XP
 C = Vault XP percentage of total XP
 D = Non-vault monster count
 E = Vault monster count
 F = Vault count percentage of total count
                 A         B        C        D         E       F
            +---------+---------+-------+---------+---------+-------
      Total |      28 |       0 |   0.0 |      15 |       0 |   0.0
            +---------+---------+-------+---------+---------+-------
        D:1 |      27 |       0 |   0.0 |      14 |       0 |   0.0
        D:2 |       1 |       0 |   0.0 |       1 |       0 |   0.0
            +---------+---------+-------+---------+---------+-------
